[Event "*** Titled Tuesday Blitz"]
[Site "Chess.com"]
[Date "2020.04.07"]
[Round "3"]
[White "Chopper1905"]
[Black "Hubbery"]
[Result "1-0"]
[WhiteElo "2856"]
[BlackElo "2626"]
[TimeControl "180+1"]
[EndTime "13:29:43 PDT"]
[Termination "Chopper1905 won on time"]

1. d4 Nf6 2. c4 e6 3. Nc3 Bb4 4. Qc2 O-O 5. e4 d6 6. e5 Nfd7 7. Nf3 h6 8. a3 Bxc3+ 9. Qxc3 b6 10. Bf4 Qe7 11. O-O-O Bb7 12. Bd3 d5 13. Bc2 dxc4 14.
Qxc4 Rc8 15. Qd3 Nf8 16. Kb1 Nbd7 17. h4 c5 18. h5 cxd4 19. Nxd4 Nc5 20. Qe3 Nh7 21.
Bxh6 gxh6 22. Qxh6 Be4 23. Bxe4 Nxe4 24. Qf4 Neg5 25.
Qe3 Qb7 26. Rh4 Kh8 27. Rg4 Rg8 28. Nb5 Raf8 29. Nd6 Qc6 30. f4 Ne4 31. Rxg8+ Rxg8 32. Qxe4 Qxe4+ 33. Nxe4 Rxg2 34. h6 Nf8 35. Rd8 Rg8 36.
Nf6 Rg1+ 37. Ka2 1-0

[Event "*** Titled Tuesday Blitz"]
[Site "Chess.com"]
[Date "2020.04.07"]
[Round "3"]
[White "kingmonkey2006"]
[Black "FrankieJay"]
[Result "1-0"]
[WhiteElo "2635"]
[BlackElo "2406"]
[TimeControl "180+1"]
[EndTime "13:29:44 PDT"]
[Termination "kingmonkey2006 won on time"]

1. b3 e5 2. Bb2 Nc6 3. e3 Nf6 4. Bb5 Bd6 5. Na3 Na5 6. Be2 a6 7. c4 Nc6 8. d3 O-O 9. Nc2 Re8 10. e4 Bc5 11. Nf3 d6 12. O-O Bg4 13. Nd2 Qd7 14. a3 a5 15. h3 Bxe2 16. Qxe2 Qe6 17. Kh1 Nd7 18. f4 exf4 19. Rxf4 Bb6 20. d4 Qh6 21. Raf1 Re7 22. Ne3 Bxd4 23. Nf5 Qf6 24. Nxd4 Nxd4 25. Qd3 Nc5 26. Qxd4 Qxd4 27. Bxd4 Ne6 28.
Bc3 Nxf4 29. Rxf4 a4 30. b4 c6 31. Rg4 g6 32. h4 h5 33. Rf4 b5 34. Kg1 bxc4 35. Nxc4 d5 36. exd5 cxd5 37. Nb6 Ra6 38. Nxd5 Re2 39. Bd4 1-0

[Event "*** Titled Tuesday Blitz"]
[Site "Chess.com"]
[Date "2020.04.07"]
[Round "3"]
[White "JozefKneht"]
[Black "Lysiak_Poltorak"]
[Result "0-1"]
[WhiteElo "2585"]
[BlackElo "2356"]
[TimeControl "180+1"]
[EndTime "13:29:44 PDT"]
[Termination "Lysiak_Poltorak won by checkmate"]

1. e4 c6 2. d4 d5 3. Nc3 dxe4 4.
Nxe4 Bf5 5. Ng3 Bg6 6. h4 h6 7. Nf3 Nd7 8. h5 Bh7 9. Bd3 Bxd3 10. Qxd3 e6 11. Bf4 Qa5+ 12. c3 Ngf6 13. Ne5 Nxe5 14. dxe5 Nd5 15. Bd2 O-O-O 16. Qe2 Qb6 17. O-O-O Be7 18.
Ne4 Rd7 19. c4 Nb4 20. Bxb4 Rxd1+ 21. Rxd1 Qxb4 22. f4 Qb6 23. Kc2 a5 24. g4 Rd8 25.
Rxd8+ Kxd8 26. Qd2+ Kc8 27. f5 Qg1 28. f6 gxf6 29.
exf6 Bf8 30. Nd6+ Bxd6 31. Qxd6 Qf2+ 32. Kb3 Qxf6 33. Ka3 Qd8 34. Qf4 b5 35. cxb5 cxb5 36. Qxh6 Qd6+ 37. Kb3 Qd3# 0-1

[Event "*** Titled Tuesday Blitz"]
[Site "Chess.com"]
[Date "2020.04.07"]
[Round "3"]
[White "RestartingChess"]
[Black "Qingdom"]
[Result "1-0"]
[WhiteElo "2357"]
[BlackElo "2112"]
[TimeControl "180+1"]
[EndTime "13:29:44 PDT"]
[Termination "RestartingChess won by checkmate"]

1. e4 c5 2. Nc3 Nc6 3. f4 e6 4. Nf3 Nf6 5. Bb5 Nd4 6. e5 Nxb5 7.
Nxb5 Nd5 8. d3 Qa5+ 9. Nc3 Nxc3 10. Qd2 d5 11. bxc3 Be7 12. O-O Bd7 13. c4 Qxd2 14. Nxd2 dxc4 15. Nxc4 O-O 16. Be3 Bc6 17. Rab1 b6 18.
g4 f6 19. f5 exf5 20. gxf5 Bd5 21. e6 Bxc4 22. dxc4 Rfd8 23. Rbd1 g6 24. Rd5 Rxd5 25. cxd5 Rd8 26. c4 b5 27. fxg6 hxg6 28. cxb5 Rxd5 29. Rc1 Re5 30. Kf2 f5 31. a4 Rxe3 32. Kxe3 Bg5+ 33. Kf3 Bxc1 34. a5 Bd2 35. b6 axb6 36. a6 c4 37. a7 c3 38. a8=Q+ Kg7 39. Qb7+ Kf6 40. Qf7+ Ke5 41. e7 Kd4 42. e8=Q Kd3 43. Qe2+ Kc2 44.
Qa2+ Kc1 45. Qf1+ Be1 46. Qxe1# 1-0

[Event "*** Titled Tuesday Blitz"]
[Site "Chess.com"]
[Date "2020.04.07"]
[Round "3"]
[White "DerKnipser"]
[Black "IwkooO"]
[Result "1-0"]
[WhiteElo "2317"]
[BlackElo "2556"]
[TimeControl "180+1"]
[EndTime "13:29:45 PDT"]
[Termination "DerKnipser won by resignation"]

1. e4 c5 2. d4 cxd4 3. c3 d5 4. exd5 Nf6 5. Nf3 Nxd5 6. Nxd4 g6 7. Bc4 Nb6 8. Bb3 Bg7 9. O-O O-O 10. Re1 e5 11. Nb5 Nc6 12. Be3 Qe7 13. Nxa7 Rxa7 14.
Bxb6 Ra6 15. Be3 Be6 16. Na3 f5 17. Bxe6+ Qxe6 18. Bc5 Re8 19. Qe2 e4 20. Qc4 Ne5 21. Qxe6+ Rexe6 22. Bd4 Nd3 23. Re2 Bf8 24. Nc4 b5 25.
Ne3 Ra4 26. Nd5 Kf7 27. g3 Rd6 28. Nf4 Nxf4 29. gxf4 Rda6 30. b3 Ra3 31. c4 bxc4 32. bxc4 Bd6 33. Rc2 Bxf4 34. c5 Ke6 35. c6 Bc7 36.
Kg2 R3a4 37. Bg7 f4 38. Re1 Kf5 39. Rc5+ Kg4 40. h3+ Kh4 41. Bf6+ g5 42. Rxg5 Rxc6 43. Be7 f3+ 44. Kg1 Re6 45. Re5+ Rxe7 46. Rxe7 Bf4 47. R7xe4 1-0

[Event "*** Titled Tuesday Blitz"]
[Site "Chess.com"]
[Date "2020.04.07"]
[Round "3"]
[White "kungmongmanh"]
[Black "TheBigBadChessDad"]
[Result "1-0"]
[WhiteElo "2547"]
[BlackElo "2275"]
[TimeControl "180+1"]
[EndTime "13:29:45 PDT"]
[Termination "kungmongmanh won on time"]

1. d4 d5 2. c4 e6 3. Nc3 Nf6 4. cxd5 exd5 5. Bg5 c6 6. e3 Be7 7.
Bd3 Nbd7 8. Qc2 h6 9. Bh4 Nh5 10.
Bxe7 Qxe7 11. Nge2 Nb6 12. Rb1 a5 13. a3 O-O 14. O-O a4 15. Qd1 Re8 16. Bc2 Bg4 17.
Re1 Bd7 18. Nxa4 Nxa4 19. Bxa4 Nf6 20. Ng3 g6 21. Bc2 Kg7 22. f3 h5 23. Nf1 Bf5 24.
Bxf5 gxf5 25. Qc2 f4 26. Qf5 fxe3 27. Rxe3 Qd6 28. Rbe1 Rxe3 29. Rxe3 c5 30. dxc5 Qc6 31. b4 d4 32. Rd3 Rd8 33. h4 Rd5 34. Qf4 b6 35. cxb6 Qxb6 36. Kh2 Qd6 37. Qxd6 Rxd6 38. Ng3 Kg6 39. Ne2 Kf5 40. Rxd4 Ra6 41. Rd3 Ke5 42.
g3 Nd5 43. Kg2 f5 44. Kf2 1-0

[Event "*** Titled Tuesday Blitz"]
[Site "Chess.com"]
[Date "2020.04.07"]
[Round "3"]
[White "Girkassa"]
[Black "GMNeiksans"]
[Result "0-1"]
[WhiteElo "2446"]
[BlackElo "2841"]
[TimeControl "180+1"]
[EndTime "13:29:46 PDT"]
[Termination "GMNeiksans won on time"]

1. d4 Nf6 2. c4 b6 3. Nc3 Bb7 4. Nf3 e6 5. a3 d5 6. cxd5 Nxd5 7. Qc2 Nxc3 8. bxc3 Be7 9. e4 O-O 10. Bd3 c5 11.
O-O cxd4 12. cxd4 Nd7 13. Bb2 Rc8 14. Qe2 Nf6 15. d5 exd5 16. e5 Ne4 17. Nd4 Bc5 18.
Kh1 Re8 19. Nf5 Qg5 20. Bxe4 dxe4 21. Nd6 Bxd6 22. exd6 Rcd8 23. Rfd1 Rd7 24. Rac1 Red8 25. Rc7 h6 26. h3 e3 27. f3 Rxd6 28. Rxd6 Rxd6 29.
Qc4 Bd5 30. Rc8+ Kh7 31. Qd3+ Rg6 32. Rc2 Bxf3 33. Qf1 e2 0-1

[Event "*** Titled Tuesday Blitz"]
[Site "Chess.com"]
[Date "2020.04.07"]
[Round "3"]
[White "IMJonathanCarlstedt"]
[Black "Bryakin_Mikhail"]
[Result "0-1"]
[WhiteElo "2464"]
[BlackElo "2752"]
[TimeControl "180+1"]
[EndTime "13:29:46 PDT"]
[Termination "Bryakin_Mikhail won on time"]

1. d4 f5 2. Bf4 Nf6 3. e3 d5 4. Nc3 c6 5. Bd3 e6 6. Qf3 Bd6 7. h4 Qe7 8. Nh3 Nbd7 9. Qg3 Bxf4 10. Nxf4 e5 11. dxe5 Nxe5 12. O-O-O Bd7 13. Nce2 O-O-O 14. h5 Ne4 15. Bxe4 fxe4 16. f3 exf3 17. gxf3 Rhf8 18. e4 dxe4 19. fxe4 Bg4 20. Rxd8+ Rxd8 21. Nc3 Rf8 22. Nd3 Nxd3+ 23. cxd3 Bd7 24. Rg1 Rf7 25. e5 Bf5 26. Qe3 b6 27. d4 Qe6 28. b3 Kb7 29. Kb2 Rd7 30. Rd1 g6 31. hxg6 hxg6 32. Qf3 Bg4 33. d5 cxd5 34. Qh1 Bxd1 35. Qxd1 Qxe5 36. Qg4 Qf5 37.
Qd4 g5 38. Nb5 a6 39. Nc3 g4 40. Ne2 Qe4 41. Qd2 d4 42. Ng3 Qe3 43. Qd1 Qxg3 0-1

[Event "*** Titled Tuesday Blitz"]
[Site "Chess.com"]
[Date "2020.04.07"]
[Round "3"]
[White "jamengrand"]
[Black "goodluck06"]
[Result "1/2-1/2"]
[WhiteElo "2170"]
[BlackElo "2613"]
[TimeControl "180+1"]
[EndTime "13:29:47 PDT"]
[Termination "Game drawn by agreement"]

1. e4 Nc6 2. Nf3 d6 3. d4 Nf6 4. Nc3 g6 5. h3 Bg7 6. a4 O-O 7. Be2 e5 8. dxe5 Nxe5 9. Nxe5 dxe5 10. Be3 Qe7 11. O-O Rd8 12. Qc1 b6 13. a5 Bb7 14.
Bg5 Qe6 15. f3 bxa5 16. Kh1 Rd4 17. Rxa5 Nh5 18. Kh2 Nf4 19. Bxf4 exf4 20. Rd1 a6 21. Bd3 Qb6 22. Ra2 Be5 23. Qd2 Qf6 24. Qf2 Rd6 25.
Rda1 Rad8 26. Ne2 h5 27. Ra5 Bc8 28. Qc5 Bxb2 29. Rb1 Bd4 30. Nxd4 Qxd4 31. Qxd4 Rxd4 32. Rc5 Be6 33. Rb7 a5 34. Rxa5 Bc4 35. Rc5 Bxd3 36. cxd3 R8d7 37. Rc3 Rxd3 38. Rbxc7 Rxc7 39. Rxd3 Kg7 40.
Rd2 Rc1 41. h4 Kf6 42. Rd5 Ke6 43. Rg5 Re1 44. Ra5 Re2 45. Rb5 Rd2 46. Ra5 Rb2 47.
Rc5 1/2-1/2

[Event "*** Titled Tuesday Blitz"]
[Site "Chess.com"]
[Date "2020.04.07"]
[Round "3"]
[White "JesseFebruary"]
[Black "killer311"]
[Result "0-1"]
[WhiteElo "1761"]
[BlackElo "2315"]
[TimeControl "180+1"]
[EndTime "13:29:48 PDT"]
[Termination "killer311 won by resignation"]

1. e4 c5 2. Nf3 Nc6 3. d4 cxd4 4.
Nxd4 Nf6 5. Nc3 e5 6. Nde2 d6 7. g3 Be7 8. Bg2 O-O 9. O-O Be6 10. Be3 Rc8 11. h3 Qd7 12. a4 Bxh3 13. Nd5 Bxg2 14. Kxg2 Nxe4 15. f3 Nf6 16. Nec3 Nxd5 17. Nxd5 Bd8 18.
Qd3 f5 19. Qb3 Qf7 20. Rad1 Kh8 21. Qb5 a6 22. Qe2 Ne7 23. Nxe7 Bxe7 24. Rh1 Rc6 25. Qd3 Rfc8 26. c3 Rc4 27. g4 e4 28. Qd5 exf3+ 29. Qxf3 Rxg4+ 30. Kf1 Qc4+ 31. Ke1 Bh4+ 32. Kd2 Re8 33.
Rdg1 Rge4 34. Rxh4 Rxh4 35. Qxb7 Rg4 36. Rxg4 Qxg4 37.
Qf7 Qe4 38. Bg5 Qe6 39. Qb7 Qe1+ 40. Kc2 Qe4+ 0-1

[Event "*** Titled Tuesday Blitz"]
[Site "Chess.com"]
[Date "2020.04.07"]
[Round "3"]
[White "DryCounty"]
[Black "MilanovicDan"]
[Result "1/2-1/2"]
[WhiteElo "2595"]
[BlackElo "2358"]
[TimeControl "180+1"]
[EndTime "13:29:49 PDT"]
[Termination "Game drawn by repetition"]

1. e4 d5 2. d3 dxe4 3. dxe4 Qxd1+ 4. Kxd1 e5 5. Be3 Be6 6. Nd2 Nd7 7. Bc4 Bxc4 8.
Nxc4 f6 9. c3 Bc5 10. Kc2 Ne7 11. Ne2 Bxe3 12. Nxe3 Nc5 13. f3 O-O-O 14. Rhd1 h5 15.
b4 Ne6 16. h4 g6 17. g3 c6 18.
a4 Kc7 19. a5 Rxd1 20. Rxd1 Rd8 21. Rxd8 Kxd8 22. Nc4 Kc7 23. Nc1 b5 24. axb6+ axb6 25. Nd3 b5 26. Ne3 Kd6 27. f4 exf4 28. gxf4 Ng7 29.
c4 f5 30. e5+ Kc7 31. Nc5 bxc4 32. Nxc4 Nd5 33. e6 Nxf4 34. Ne5 Ngxe6 35. Nxe6+ Nxe6 36. Nxg6 Kd6 37. Kd3 c5 38. bxc5+ Nxc5+ 39. Ke3 Ne6 40. Kf3 Kd7 41. Kg3 Ke8 42. Nf4 Ng7 43. Kf3 Kf7 44. Ke3 Kf6 45. Kf3 Ke5 46. Ng6+ Kf6 47. Nf4 Ke5 48.
Ng6+ Kf6 49. Nf4 1/2-1/2

[Event "*** Titled Tuesday Blitz"]
[Site "Chess.com"]
[Date "2020.04.07"]
[Round "3"]
[White "swayamsm"]
[Black "onnoelgersma"]
[Result "1-0"]
[WhiteElo "2581"]
[BlackElo "2307"]
[TimeControl "180+1"]
[EndTime "13:29:49 PDT"]
[Termination "swayamsm won by resignation"]

1. d4 d5 2. Nf3 Nf6 3. Bf4 e6 4. e3 c5 5. Nbd2 Nc6 6. c3 cxd4 7.
exd4 Nh5 8. Bg5 f6 9. Be3 Bd6 10. Ne5 g6 11. Nd3 O-O 12. Be2 Ng7 13. f4 Nf5 14.
Bf2 Bd7 15. g4 Ng7 16. h4 e5 17. fxe5 fxe5 18. dxe5 Nxe5 19. Nxe5 Bxe5 20. Nf3 Re8 21.
Qxd5+ Be6 22. Qxd8 Raxd8 23. Nxe5 Bd5 24. Bd4 Bxh1 25. O-O-O Bd5 26. h5 Ne6 27. hxg6 hxg6 28. Be3 Ng7 29. Bg5 Rxe5 30. Bxd8 Rxe2 31. Rxd5 Ne6 32.
Bf6 Nf4 33. Rd7 Rg2 34. g5 Nh5 35. Rxb7 Rf2 36. Bd4 Rf1+ 37. Kc2 Kf8 38. Rxa7 Nf4 39. Ra6 Kf7 40. Rf6+ Ke7 41. Be3 Rf2+ 42. Bxf2 1-0

[Event "*** Titled Tuesday Blitz"]
[Site "Chess.com"]
[Date "2020.04.07"]
[Round "3"]
[White "troisi"]
[Black "vladimirdamjanovic"]
[Result "0-1"]
[WhiteElo "2033"]
[BlackElo "2506"]
[TimeControl "180+1"]
[EndTime "13:29:49 PDT"]
[Termination "vladimirdamjanovic won by checkmate"]

1. e4 c6 2. d4 d5 3. Nc3 dxe4 4. Nxe4 Bf5 5. Ng3 Bg6 6. N1e2 Nf6 7. Nf4 e5 8. Nxg6 hxg6 9. Be3 Nd5 10. dxe5 Nd7 11. e6 fxe6 12. Qd3 Ne5 13. Qe4 Bd6 14. h4 Nxe3 15.
Qxe3 Qa5+ 16. c3 O-O-O 17. f4 Nd7 18. Bc4 e5 19. f5 Bc5 20. Qe2 Nf6 21. fxg6 Qc7 22.
Ne4 Nxe4 23. Qxe4 Qd6 24. Qe2 Qxg6 25. Rh3 Rxh4 26. Rxh4 Qg3+ 27. Kf1 Rf8+ 28. Qf3 Rxf3+ 29. gxf3 Qf2# 0-1

[Event "*** Titled Tuesday Blitz"]
[Site "Chess.com"]
[Date "2020.04.07"]
[Round "3"]
[White "biostatistician"]
[Black "vugarrasulov"]
[Result "0-1"]
[WhiteElo "2516"]
[BlackElo "2771"]
[TimeControl "180+1"]
[EndTime "13:29:50 PDT"]
[Termination "vugarrasulov won on time"]

1. d4 Nf6 2. Nf3 e6 3. c4 b6 4. Nc3 Bb4 5. Qc2 Bb7 6. a3 Bxc3+ 7. Qxc3 O-O 8. g3 d5 9. Bg2 c5 10. O-O Nbd7 11. Bg5 Rc8 12. cxd5 Bxd5 13. Rac1 h6 14. Bxf6 Nxf6 15. dxc5 Rxc5 16. Qd4 Qc7 17. Rxc5 bxc5 18. Qe5 Qb6 19. Rc1 Rb8 20. Rc2 c4 21. Qd4 Qb3 22. Ne1 a5 23. Qa7 c3 24. Rxc3 Qxb2 25. Bxd5 Nxd5 26.
Rc5 Rf8 27. e3 Qxa3 28. Qxa5 Qb3 29. Qb5 Qd1 30. Qf1 Ra8 31. Nd3 Ra1 32. Rc1 Rxc1 33. Nxc1 Qd2 34. Nd3 Nc3 35. Nf4 e5 36. Nh3 g5 37. Kg2 Nd1 38. g4 Nxe3+ 0-1

[Event "*** Titled Tuesday Blitz"]
[Site "Chess.com"]
[Date "2020.04.07"]
[Round "3"]
[White "Alex_Terzi"]
[Black "iaraldinho"]
[Result "0-1"]
[WhiteElo "2403"]
[BlackElo "2632"]
[TimeControl "180+1"]
[EndTime "13:29:51 PDT"]
[Termination "iaraldinho won on time"]

1. e4 c5 2. Nc3 e6 3. f4 Nc6 4.
Nf3 d5 5. Bb5 d4 6. Ne2 Bd7 7.
d3 Nf6 8. Bxc6 Bxc6 9. Ne5 Qc7 10. O-O Be7 11. f5 Bd6 12. Nf3 exf5 13. e5 Bxe5 14.
Nxe5 Qxe5 15. Re1 O-O 16. Nf4 Qd6 17. Bd2 Nd5 18. Nxd5 Qxd5 19. Qe2 Rae8 20. Qf2 Rxe1+ 21. Rxe1 Qxa2 22. Qxf5 Qxb2 23. Qxc5 h6 24. Bb4 Rc8 25. Re7 Qc1+ 26. Kf2 Qf4+ 27. Kg1 b6 28. Qc4 Bd7 29. Qd5 Be6 30. Rxe6 Rxc2 31. Re8+ Kh7 32. Qe4+ Qxe4 33. Rxe4 a5 34. Bf8 b5 35. Rxd4 Rd2 36. Rd5 b4 37. Rxa5 b3 38. Rb5 b2 0-1

[Event "*** Titled Tuesday Blitz"]
[Site "Chess.com"]
[Date "2020.04.07"]
[Round "3"]
[White "chessasuke"]
[Black "MFBerna"]
[Result "1-0"]
[WhiteElo "2588"]
[BlackElo "2317"]
[TimeControl "180+1"]
[EndTime "13:29:51 PDT"]
[Termination "chessasuke won on time"]

1. e4 c6 2. d4 d5 3. Nc3 dxe4 4.
Nxe4 Nf6 5. Nxf6+ exf6 6. Nf3 Bd6 7. Bd3 O-O 8. O-O Re8 9. h3 Nd7 10. Re1 Rxe1+ 11. Qxe1 Nf8 12. Be3 Ng6 13. Qd2 Be6 14.
a4 Qd7 15. Bf1 Bd5 16. Ne1 Nh4 17. Bf4 Bf8 18. a5 a6 19. c3 Re8 20. Kh2 Qf5 21. Bg3 Ng6 22. Nd3 h5 23. h4 Qg4 24. f3 Qd7 25.
Nf4 Bd6 26. Nxg6 fxg6 27. Re1 Rf8 28. b4 Qc7 29. Qf2 g5 30. Bxd6 Qxd6+ 31. Qg3 Qxg3+ 32.
Kxg3 gxh4+ 33. Kxh4 Kf7 34. Kxh5 Rh8+ 35. Kg4 Rh1 36. Kg3 Be6 37. Kf2 Rh8 38. Bd3 Rd8 39. f4 g6 40. Kf3 Bd5+ 41. Kf2 Rh8 42. c4 Be6 43. Rb1 1-0

[Event "*** Titled Tuesday Blitz"]
[Site "Chess.com"]
[Date "2020.04.07"]
[Round "3"]
[White "norwaytoadog"]
[Black "Shukh_Nikolay"]
[Result "0-1"]
[WhiteElo "2282"]
[BlackElo "2555"]
[TimeControl "180+1"]
[EndTime "13:29:51 PDT"]
[Termination "Shukh_Nikolay won on time"]

1. e4 e5 2. Nf3 Nc6 3. Bb5 a6 4. Ba4 Nf6 5. O-O Nxe4 6. d4 b5 7. Bb3 d5 8. dxe5 Be6 9. Nbd2 Nc5 10. c3 Be7 11. Re1 Bg4 12. Bc2 O-O 13. Nb3 Ne6 14.
h3 Bh5 15. a4 b4 16. a5 Rb8 17. Qe2 Qc8 18. g4 Bg6 19. Nbd4 Ncxd4 20. cxd4 c5 21. Be3 cxd4 22. Bxg6 dxe3 23. Bf5 exf2+ 24. Qxf2 Bc5 25. Re3 g6 26. Bd3 Nf4 27. Bf1 Bxe3 28. Qxe3 Ne6 29. Qh6 Qc5+ 30. Kg2 Qc2+ 31. Kg3 Qxb2 32. Rc1 Rbc8 33.
Rxc8 Rxc8 34. Bxa6 Rc3 35. Bb7 Qe2 36. Bxd5 Qxe5+ 37. Kf2 Qxd5 38. a6 Qxf3+ 0-1

[Event "*** Titled Tuesday Blitz"]
[Site "Chess.com"]
[Date "2020.04.07"]
[Round "3"]
[White "patrisiii123"]
[Black "saraswathii"]
[Result "0-1"]
[WhiteElo "2368"]
[BlackElo "2231"]
[TimeControl "180+1"]
[EndTime "13:29:51 PDT"]
[Termination "saraswathii won by resignation"]

1. e4 c5 2. Nf3 e6 3. d4 cxd4 4.
Nxd4 Nf6 5. Nc3 Nc6 6. a3 d5 7.
exd5 exd5 8. Bb5 Bd7 9. O-O Be7 10. Bg5 a6 11. Ba4 h6 12. Bxf6 Bxf6 13. Re1+ Ne7 14.
Nxd5 Bxa4 15. Nxf6+ gxf6 16. Nf5 Qxd1 17. Raxd1 Bxc2 18. Rxe7+ Kf8 19. Rdd7 Bxf5 20. Rxf7+ Ke8 21. Rfe7+ Kf8 22.
Rf7+ Kg8 23. Rxb7 Rh7 24. Rxh7 Bxh7 25. h3 Bd3 26. Rd7 Bb5 27. Rb7 Rd8 28. b3 Rd1+ 29. Kh2 Rd2 30. Kg1 Rb2 31. a4 Bxa4 32. Rb6 Bb5 33.
Rxf6 Rxb3 34. Rxh6 a5 35. Rb6 a4 36. Rb8+ Kf7 37. Ra8 a3 38. g4 Bc6 39. Ra7+ Ke6 40.
Kh2 Bd5 41. f4 Rf3 42. Ra6+ Kd7 43. f5 a2 44. h4 Rf1 45. Kg3 a1=Q 46. Rxa1 Rxa1 47. Kf4 Ra4+ 48. Kg3 Ke7 49. g5 Be4 50.
Kf4 Bxf5+ 51. Kxf5 Rxh4 52. Kg6 Ke6 53. Kg7 Kf5 54.
g6 Rg4 55. Kf7 Rxg6 0-1

[Event "*** Titled Tuesday Blitz"]
[Site "Chess.com"]
[Date "2020.04.07"]
[Round "3"]
[White "RitvarsReimanis"]
[Black "MusicCityMaster"]
[Result "1-0"]
[WhiteElo "2598"]
[BlackElo "2325"]
[TimeControl "180+1"]
[EndTime "13:29:52 PDT"]
[Termination "RitvarsReimanis won by resignation"]

1. d4 Nf6 2. c4 c5 3. d5 b5 4.
cxb5 a6 5. bxa6 g6 6. Nc3 Bxa6 7. Nf3 d6 8. g3 Bg7 9. Rb1 Nbd7 10. b3 Qa5 11.
Bd2 O-O 12. Bg2 Bb7 13. O-O Qa6 14. Bc1 Nb6 15. e4 Nbd7 16. Bb2 Ng4 17. Re1 Nge5 18.
Nxe5 Nxe5 19. Bf1 Qb6 20. a4 f5 21. Bg2 f4 22. Nb5 Bc8 23. f3 fxg3 24. hxg3 Bd7 25. f4 Bg4 26. Qc2 Nf3+ 27. Bxf3 Bxf3 28. Bxg7 Kxg7 29.
Qc3+ Kg8 30. Qxf3 c4+ 31. Qf2 Qb7 32. bxc4 Rxa4 33. Nxd6 Qa6 34. Nb5 Rxc4 35. Nd4 Rfc8 36. Nc6 Rc7 37. Rb8+ Kg7 38. Qb6 Qxb6+ 39. Rxb6 Rc3 40.
Kf2 h5 41. Nd4 Ra7 42. Re3 Ra2+ 43. Kf3 Rc1 44. Re2 Rc3+ 45. Kf2 Raa3 46. f5 Rxg3 47. Rxg6+ Rxg6 48. fxg6 Kxg6 49. Re3 Kf6 1-0

[Event "*** Titled Tuesday Blitz"]
[Site "Chess.com"]
[Date "2020.04.07"]
[Round "3"]
[White "Crazy_girl99"]
[Black "H3nriqueTV"]
[Result "0-1"]
[WhiteElo "2481"]
[BlackElo "2193"]
[TimeControl "180+1"]
[EndTime "13:29:52 PDT"]
[Termination "H3nriqueTV won by resignation"]

1. e4 c5 2. Nf3 b6 3. d4 cxd4 4. Nxd4 Bb7 5. Nc3 a6 6. Bd3 e6 7.
O-O Qc7 8. Be3 Nf6 9. a4 d6 10. f4 Be7 11. Kh1 O-O 12. Qf3 Nbd7 13. Rae1 Rfe8 14. Qg3 Nc5 15. e5 Nh5 16. Qg4 Nxd3 17. cxd3 g6 18. f5 dxe5 19. Nxe6 Qc6 20. fxg6 hxg6 21.
Ng5 f5 22. Qh3 f4 23. Nce4 fxe3 24. Rc1 Qd5 25. Qxe3 Rf8 26. Rg1 Nf4 27. Rc7 Bxg5 28.
Nxg5 Nxg2 29. Qe4 Qxe4 30. dxe4 Nf4 31. Rxb7 Rab8 32. Rxb8 Rxb8 33. Nf3 Kf7 34. Nxe5+ Kf6 35. Nc6 Rc8 36. e5+ Ke6 37. Rc1 Rh8 38. Kg1 Rh5 39. Nd4+ Kxe5 40. Nf3+ Ke4 41. Nd2+ Kd3 42. Rd1 Ke2 43. Rf1 Nh3+ 44. Kh1 Kxd2 45. Rf2+ 0-1

[Event "*** Titled Tuesday Blitz"]
[Site "Chess.com"]
[Date "2020.04.07"]
[Round "3"]
[White "VeraLevel"]
[Black "champ2005"]
[Result "1-0"]
[WhiteElo "2707"]
[BlackElo "2988"]
[TimeControl "180+1"]
[EndTime "13:29:53 PDT"]
[Termination "VeraLevel won by resignation"]

1. d4 Nf6 2. c4 Nc6 3. Nf3 e6 4. g3 Bb4+ 5. Bd2 Bxd2+ 6. Nbxd2 d6 7. Bg2 a5 8. O-O e5 9. e3 Qe7 10. Qc2 O-O 11. a3 a4 12. d5 Nb8 13. Nh4 Nbd7 14. Nf5 Qe8 15. h3 g6 16. Nh4 Nc5 17. Rae1 Nh5 18.
g4 Qe7 19. Nhf3 Ng7 20. Nh2 f5 21. f4 e4 22. Rb1 Bd7 23. g5 b5 24. Rfd1 bxc4 25.
Nxc4 Rfb8 26. Nf1 Rb7 27. Ng3 Rab8 28. Bf1 Rb3 29. Kf2 Bb5 30. h4 Ne8 31. h5 Qg7 32. Rd2 Nd3+ 33. Bxd3 exd3 34. Rxd3 Bxc4 35. Qxc4 Rxb2+ 36.
Rxb2 Qxb2+ 37. Ne2 Rb3 38. h6 Qxa3 39. Qc6 Kf8 40. Rxb3 axb3 41. Qd7 b2 42. Nd4 Qa8 43.
Ne6+ Kg8 44. Qe7 1-0

[Event "*** Titled Tuesday Blitz"]
[Site "Chess.com"]
[Date "2020.04.07"]
[Round "3"]
[White "Raja3401"]
[Black "Grandmaster1369"]
[Result "1-0"]
[WhiteElo "2723"]
[BlackElo "2443"]
[TimeControl "180+1"]
[EndTime "13:29:53 PDT"]
[Termination "Raja3401 won by checkmate"]

1. e4 c5 2. Nf3 e6 3. d4 cxd4 4. Nxd4 a6 5. Nc3 b5 6. g3 Bb7 7. Bg2 Nf6 8. O-O b4 9. Nd5 exd5 10. exd5 Bc5 11. Re1+ Kf8 12. Nf5 d6 13. a3 bxa3 14.
bxa3 Nbd7 15. Rb1 Rb8 16. Bf4 Qc7 17. Qd2 h6 18. Nxh6 g6 19. Bg5 Kg7 20. Re7 Rbf8 21. Qf4 Ba8 22. Bxf6+ Nxf6 23. Nf5+ gxf5 24. Qg5+ Kh7 25.
Qxf5+ Kg7 26. Qg5+ Kh7 27. Rxc7 Bd4 28. Rb4 Rfg8 29.
Qf5+ Kg7 30. Rxd4 Rh5 31. Rg4+ Nxg4 32. Rxf7+ Kh6 33. Rh7# 1-0

[Event "*** Titled Tuesday Blitz"]
[Site "Chess.com"]
[Date "2020.04.07"]
[Round "3"]
[White "LikeWater"]
[Black "Oleksandr_Bortnyk"]
[Result "0-1"]
[WhiteElo "2690"]
[BlackElo "2990"]
[TimeControl "180+1"]
[EndTime "13:29:54 PDT"]
[Termination "Oleksandr_Bortnyk won on time"]

1. e4 Nf6 2. e5 Nd5 3. c4 Nb6 4. c5 Nd5 5. Bc4 e6 6. Nc3 Nxc3 7. dxc3 Bxc5 8. Qg4 Kf8 9. Nf3 d5 10. Bd3 Be7 11.
h4 c5 12. Bg5 h6 13. Bxe7+ Qxe7 14. O-O-O Nc6 15. Qf4 c4 16. Bb1 b5 17. g4 b4 18. g5 bxc3 19. bxc3 Rb8 20. gxh6 Rxh6 21. Rhg1 Qa3+ 22. Kd2 Rb2+ 23. Ke1 Qxc3+ 24. Kf1 Ba6 25.
Rxg7 Kxg7 26. Qg5+ Kf8 27. Qxh6+ Ke8 28. Qf6 Rxb1 29.
Rxb1 Qd3+ 30. Kg2 Qxb1 31. h5 Qf5 32. Qh8+ Kd7 33. h6 Qg4+ 34. Kh2 Qxf3 35. h7 Qxf2+ 36. Kh1 Qh4+ 37. Kg1 Qg5+ 38. Kf2 Nxe5 39. Qg8 Qf4+ 40. Kg1 Ng6 0-1

[Event "*** Titled Tuesday Blitz"]
[Site "Chess.com"]
[Date "2020.04.07"]
[Round "3"]
[White "BobanBogosavljevic"]
[Black "Agent-JL"]
[Result "1-0"]
[WhiteElo "2759"]
[BlackElo "2422"]
[TimeControl "180+1"]
[EndTime "13:29:54 PDT"]
[Termination "BobanBogosavljevic won by resignation"]

1. Nf3 Nf6 2. c4 c5 3. g3 g6 4. Bg2 Bg7 5. O-O d6 6. d4 Nbd7 7. Nc3 O-O 8. b3 cxd4 9. Nxd4 a6 10. Bb2 Qa5 11. Qd2 Re8 12. Rfd1 Rb8 13. Rac1 Nc5 14. a3 Ne6 15. b4 Qb6 16. Nb3 Bd7 17. e3 Rbc8 18.
Nd5 Nxd5 19. Bxd5 Qa7 20. Bxg7 Kxg7 21. h4 h5 22. Bg2 Ba4 23. Qb2+ Kg8 24. Rd2 Rc7 25.
Bd5 Ng7 26. Qb1 Rec8 27. c5 Bxb3 28. Bxb3 dxc5 29. Qxg6 c4 30. Rxc4 fxg6 31. Rxc7+ Kh7 32. Rxc8 Nf5 33. Rd7 Kg7 34. e4 Nxg3 35. Rxe7+ Kf6 36. Rf7+ Ke5 37. Rc5+ Kxe4 38. fxg3 a5 39. Rf4+ Kd3 40. Bc4+ Kc3 41. Bf1+ Kb2 42. Rf2+ Kxa3 43. Rxa5+ 1-0

[Event "*** Titled Tuesday Blitz"]
[Site "Chess.com"]
[Date "2020.04.07"]
[Round "3"]
[White "Hangar-18"]
[Black "MishkaFighter"]
[Result "0-1"]
[WhiteElo "2283"]
[BlackElo "2570"]
[TimeControl "180+1"]
[EndTime "13:29:54 PDT"]
[Termination "MishkaFighter won by checkmate"]

1. Nf3 g6 2. c4 c5 3. Nc3 Bg7 4. d4 cxd4 5. Nxd4 Nc6 6. Nxc6 bxc6 7. Qc2 Nf6 8. e3 O-O 9. Be2 d5 10. O-O Rb8 11. Rd1 Bf5 12. Qa4 Qb6 13. h3 Rfd8 14. g4 Bd7 15. Qc2 h6 16. b3 e5 17. cxd5 cxd5 18.
Nxd5 Nxd5 19. Rxd5 e4 20. Bb2 Rbc8 21. Bc4 Be6 22. Rxd8+ Qxd8 23. Bxg7 Bxc4 24. Qb2 Bd3 25. Bxh6 f6 26. Rc1 Rxc1+ 27. Qxc1 g5 28. h4 Kh7 29.
hxg5 fxg5 30. Qc6 Be2 31. Kh2 Bf3 32. Kh3 Qd1 33. Bxg5 Qh1+ 34. Kg3 Qg2+ 35. Kf4 Qxg4+ 36. Ke5 Qxg5+ 37. Kd4 Qg7+ 38. Kc5 Qc3+ 39. Kd6 Qd2+ 40. Kc7 Qxf2 41. Qd7+ Kg6 42. Qd6+ Kh5 43. Qc5+ Kh4 44.
Qxa7 Qc2+ 45. Kb8 Kg3 46. b4 Kf2 47. b5 Bg4 48. b6 Qc8# 0-1